AoeStats
← stefan

Black Forest

508944014Analyzed
3v3 RM · 7d ago on Sep 24, 2026· 82m 17s· 6 players
Game mode
Random Map
Map size
Normal (6 player)
Population
200
Speed
Normal
Resources
Standard
Victory
Conquest
Starting age
Dark Age
Ending age
Imperial Age
RankedLock teamsTeams togetherTeam positionsShared explorationLock speedFull tech treeHidden civsTurbo modeCheats
Victory
Defeat
🇹🇷 Bohemians · Türkiye
778
+15
🇦🇷 Portuguese · Argentina
710
+18
🇬🇧 Khmer · United Kingdom
624
+22
🇮🇳 Saracens · India
818
-21
🇺🇦 Byzantines · Ukraine
755
-18
🇹🇷 Franks · Türkiye
705
-16
Blights
7:09 Loom
14:38 Feudal Age
17:35 Horse Collar
17:44 Double-Bit Axe
23:54 Castle Age
22:26 Gold Mining
25:29 Bow Saw
25:21 Heavy Plow
29:26 Bloodlines
29:17 Husbandry
32:51 Forging
32:46 Scale Barding Armor
33:05 Ballistics
35:19 Imperial Age
32:54 Caravan
33:22 Town Watch
34:18 Iron Casting
36:51 Stone Mining
37:45 Elite Battle Elephant
40:08 Conscription
39:54 Double Crossbow
40:37 Town Patrol
41:45 Heavy Scorpion
45:06 Tusk Swords
55:21 Crop Rotation
62:47 Chain Barding Armor
72:47 Chemistry
71:53 Siege Engineers
72:28 Plate Barding Armor
72:53 Blast Furnace
SonOfRain
11:14 Feudal Age
14:45 Horse Collar
17:34 Castle Age
15:35 Double-Bit Axe
20:34 Heavy Plow
26:30 Bow Saw
28:58 Wheelbarrow
30:25 Padded Archer Armor
30:16 Fletching
33:31 Imperial Age
32:41 Caravan
33:12 Coinage
33:00 Hand Cart
32:32 Town Watch
32:33 Loom
35:13 Banking
34:55 Guilds
35:16 Town Patrol
34:39 Elite Hussite Wagon
35:27 Wagenburg Tactics
35:43 Conscription
36:21 Leather Archer Armor
36:01 Bodkin Arrow
36:59 Ballistics
37:40 Chemistry
36:46 Siege Engineers
36:52 Masonry
37:21 Ring Archer Armor
39:06 Two-Man Saw
38:26 Houfnice
39:45 Bracer
51:27 Fervor
Nahue
0:34 Loom
11:54 Feudal Age
12:26 Double-Bit Axe
12:31 Horse Collar
20:53 Castle Age
18:48 Stone Mining
22:09 Bow Saw
26:11 Heavy Plow
26:34 Gold Mining
31:33 Caravan
36:49 Imperial Age
35:01 Pikeman
35:57 Forging
36:29 Ballistics
37:09 Wheelbarrow
37:13 Halberdier
37:39 Gambesons
37:56 Scale Mail Armor
37:57 Padded Archer Armor
37:47 Fletching
39:02 Conscription
38:19 Elite Skirmisher
39:47 Iron Casting
39:30 Chain Mail Armor
40:18 Chemistry
40:29 Elite Organ Gun
42:34 Two-Man Saw
43:29 Leather Archer Armor
44:14 Blast Furnace
48:07 Cavalier
58:38 Fortified Wall
stefan
12:18 Feudal Age
10:35 Loom
12:51 Horse Collar
12:57 Double-Bit Axe
16:02 Gold Mining
22:11 Castle Age
20:07 Stone Mining
22:38 Forging
22:28 Scale Mail Armor
23:02 Bow Saw
22:57 Heavy Plow
23:55 Squires
23:17 Pikeman
24:06 Caravan
27:21 Wheelbarrow
28:20 Gambesons
34:40 Imperial Age
32:29 Hand Cart
33:47 Gold Shaft Mining
34:18 Arson
34:47 Fortified Wall
34:34 Murder Holes
36:31 Two-Man Saw
36:40 Iron Casting
36:21 Chain Mail Armor
37:35 Conscription
36:39 Elite Varangian Guard
36:48 Halberdier
38:56 Chemistry
38:18 Ballistics
40:41 Plate Mail Armor
40:18 Scale Barding Armor
41:51 Hoardings
41:07 Arrowslits
45:20 Bombard Tower
45:54 Elite Cataphract
52:21 Chain Barding Armor
61:06 Capped Ram
65:03 Coinage
68:24 Onager
oguayd
0:40 Loom
16:04 Feudal Age
16:38 Double-Bit Axe
18:35 Wheelbarrow
25:47 Castle Age
26:23 Stone Mining
26:29 Gold Mining
27:15 Bow Saw
28:34 Hand Cart
31:35 Gold Shaft Mining
35:08 Caravan
35:38 Coinage
37:26 Town Watch
41:06 Imperial Age
40:58 Forging
40:39 Fletching
40:49 Padded Archer Armor
40:50 Scale Mail Armor
40:55 Scale Barding Armor
41:01 Town Patrol
42:30 Banking
42:56 Pikeman
43:36 Squires
43:22 Arson
43:44 Chivalry
43:04 Ordonnance Companies
44:05 Conscription
44:21 Hoardings
43:42 Halberdier
44:03 Cavalier
44:43 Husbandry
46:43 Cranequins
66:47 Light Cavalry
BLYAAAT
1:37 Loom
11:30 Feudal Age
14:04 Double-Bit Axe
14:43 Horse Collar
15:22 Stone Mining
22:49 Castle Age
28:38 Heavy Plow
30:01 Bow Saw
34:13 Imperial Age
32:34 Caravan
32:29 Gold Mining
34:21 Scale Barding Armor
34:26 Forging
34:30 Bloodlines
34:20 Husbandry
35:24 Conscription
34:25 Elite Mameluke
36:04 Chain Barding Armor
37:53 Chemistry
37:14 Ballistics
37:58 Iron Casting
38:04 Gold Shaft Mining
38:36 Plate Barding Armor
42:36 Blast Furnace
50:48 Onager
56:56 Fortified Wall
71:14 Siege Onager
Connection lost

Rejoining the realm…

Still unreachable

The connection could not be restored.

Session expired

The server has moved on; the page needs a fresh start.